 Dungeon Crawl Stone Soup version 0.17-a0-2220-g6fea741 (webtiles) character file.

18 glosham the Insei (level 2, -6/24 HPs)
             Began as a Merfolk Monk on Oct 28, 2015.
             Mangled by a worm (8 damage)
             ... on level 3 of the Dungeon.
             The game lasted 00:09:52 (342 turns).

glosham the Insei (Merfolk Monk)                     Turns: 342, Time: 00:09:52

Health: -6/24      AC:  2    Str: 11    XL:     2   Next: 70%
Magic:  2/2        EV: 14    Int:  9    God:
Gold:   45         SH:  0    Dex: 16    Spells: 0 memorised, 1 level left

rFire  . . .     SeeInvis .       - Unarmed
rCold  . . .     Clarity  .     a - +0 robe
rNeg   . . .     SustAt   .     (no shield)
rPois  .         Gourm    .     (no helmet)
rElec  .         Spirit   .     (no cloak)
rCorr  .         Warding  .     (no gloves)
rMut   .         Stasis   .     (no boots)
MR     .....                    (no amulet)
Stlth  ++........               (no ring)
                                (no ring)

@: not resistant to hostile enchantments, unstealthy
A: change form in water, swift swim
a: no special abilities


You were on level 3 of the Dungeon.
You were not hungry.

You visited 1 branch of the dungeon, and saw 3 of its levels.

You collected 45 gold pieces.

Inventory:

Hand Weapons
 m - a cursed +0 hunting sling
Missiles
 d - 20 stones (quivered)
 j - 22 poisoned needles
Armour
 a - a +0 robe (worn)
Scrolls
 e - a scroll of fear {unknown}
 f - 2 scrolls of identify {unknown}
 h - a scroll of enchant weapon {unknown}
 l - a scroll of remove curse {unknown}
Books
 i - a book of Summonings

   Spells                             Type                      Level
   a - Recall                         Summoning/Translocation      3
   b - Aura of Abjuration             Summoning                    5
   c - Shadow Creatures               Summoning                    5
   d - Summon Demon                   Summoning                    5
   e - Summon Forest                  Summoning/Translocation      5
   f - Summon Mana Viper              Hexes/Summoning              5
Comestibles
 b - a bread ration
 c - 4 fruits
 g - a chunk of flesh
 k - a beef jerky


   Skills:
 - Level 3.2 Fighting
 - Level 4.0 Dodging
 - Level 2.1 Stealth
 * Level 5.2 Unarmed Combat
 + Level 0.1 Spellcasting


You had one spell level left.
You didn't know any spells.

Dungeon Overview and Level Annotations

Branches:
Dungeon (3/15)

Altars:
Nemelex Xobeh


Message History

You barely miss the worm. You punch the worm.
The worm is lightly wounded.
The worm barely misses you.
You hit the worm.
The worm is lightly wounded.
You hit the worm but do no damage.
The worm is lightly wounded.
The worm misses you.
You hit the worm.
The worm is lightly wounded.
The worm misses you.
You hit the worm.
The worm is moderately wounded.
You hit the worm.
The worm is moderately wounded.
The worm bites you!
* * * LOW HITPOINT WARNING * * *
You barely miss the worm.
The worm is moderately wounded.
You completely miss the worm.
The worm is moderately wounded.
The worm misses you.
You hit the worm but do no damage.
The worm is lightly wounded.
You hit the worm. You punch the worm, but do no damage.
The worm is moderately wounded.
The worm bites you but does no damage.
You barely miss the worm.
The worm is lightly wounded.
You hit the worm.
The worm is heavily wounded.
The worm misses you.
You aren't carrying any potions.
Unknown command.
You hit the worm but do no damage.
The worm is heavily wounded.
You barely miss the worm.
The worm is heavily wounded.
The worm bites you!
You die...

#.# #.# . #.# ... #.#
....##>#
.......##########
#..........# .
#.########.# #. #@#
#.# ##.#####w### #.#
...........# #.#
.........#.# #.###
.........#.# ##...##
#......#####..#..##
#.#.##......##.##.###
#.#.##.....##.⌠.##...
#.#.#####.####.####..


You could see a worm.

Vanquished Creatures
  An ooze (D:1)
  A giant cockroach (D:2)
  A hobgoblin (D:1)
  3 jackals (D:2)
  A giant gecko (D:3)
  3 goblins (D:1)
  2 kobolds
  A rat (D:1)
13 creatures vanquished.

Notes
Turn   | Place    | Note
--------------------------------------------------------------
     0 | D:1      | glosham the Merfolk Monk began the quest for the Orb.
     0 | D:1      | Reached XP level 1. HP: 18/18 MP: 1/1
   111 | D:1      | Reached XP level 2. HP: 24/24 MP: 2/2
   135 | D:1      | Reached skill level 5 in Unarmed Combat
   140 | D:1      | Found a sparkling altar of Nemelex Xobeh.
   334 | D:3      | HP: 2/24 [worm (9)]
   342 | D:3      | Mangled by a worm

Vault maps used:
D:1:      erik_arrival_cave_to_civilisation, st_stairs_8,
          nemelex_diamond_rough_becter
D:2:      gammafunk_temple_overflow_claw, nicolae_ru_awakened_eye
D:3:      old_standard_altar, lemuel_round_altar, minivault_26,
          grunt_decor_mini_mirrors, corexii_item_surrounded_by_moat,
          uniq_crazy_yiuf_cottage

Action                   || total
-------------------------++-------
Melee: Unarmed           ||    59
 Stab: Sleeping          ||     2

Table legend:
 A = Turns spent in this place as a percentage of turns spent in the entire game.
 B = Non-inter-level travel turns spent in this place as a percentage of non-inter-level travel turns spent in the entire game.
 C = Inter-level travel turns spent in this place as a percentage of turns spent in this place.
 D = Turns resting spent in this place as a percentage of non-inter-level travel turns spent in this place.
 E = Turns spent auto-exploring this place as a percentage of non-inter-level travel turns spent in this place.
 F = Non-inter-level travel turns spent in this place divided by the number of levels of this place that you've seen.
                   A       B       C       D       E      F
               +-------+-------+-------+-------+-------+----------------------
         Total | 100.0 | 100.0 |   0.0 |   0.0 |   0.0 | 112.3
       Dungeon | 100.0 | 100.0 |   0.0 |   0.0 |   0.0 | 112.3
               +-------+-------+-------+-------+-------+----------------------

Table legend:
 A = Kills in this place as a percentage of kills in entire the game.
 B = Kills by you in this place as a percentage of kills by you in the entire game.
 C = Kills by friends in this place as a percentage of kills by friends in the entire game.
 D = Other kills in this place as a percentage of other kills in the entire game.
 E = Experience gained in this place as a percentage of experience gained in the entire game.
 F = Experience gained in this place divided by the number of levels of this place that you have seen.
                   A       B       C       D       E      F
               +-------+-------+-------+-------+-------+----------------------
         Total | 100.0 | 100.0 |  -nan |  -nan | 100.0 |   9.0
       Dungeon | 100.0 | 100.0 |  -nan |  -nan | 100.0 |   9.0
               +-------+-------+-------+-------+-------+----------------------

Vault maps used:
D:1:      erik_arrival_cave_to_civilisation, st_stairs_8,
          nemelex_diamond_rough_becter
D:2:      gammafunk_temple_overflow_claw, nicolae_ru_awakened_eye
D:3:      old_standard_altar, lemuel_round_altar, minivault_26,
          grunt_decor_mini_mirrors, corexii_item_surrounded_by_moat,
          uniq_crazy_yiuf_cottage
